 Dungeon Crawl Stone Soup version 0.30.0-10-gfe55d96785 (webtiles) character file.

Game seed: 1019306924328484573

131 Tirrikindir the Covered (level 5, 33/33 HPs)
             Began as a Gargoyle Fighter on May 14, 2023.
             Was a Follower of Uskayaw.
             Got out of the dungeon alive.
             The game lasted 00:04:09 (1419 turns).

Tirrikindir the Covered (Gargoyle Fighter)          Turns: 1419, Time: 00:04:09

Health: 33/33      AC: 11    Str: 19    XL:     5   Next: 14%
Magic:  5/5        EV:  9    Int:  9    God:    Uskayaw [*.....]
Gold:   96         SH:  4    Dex: 11    Spells: 4/4 levels left

rFire   . . .        a - +0 flail
rCold   . . .        c - +0 buckler
rNeg    + . .        b - +0 scale mail
rPois   ∞            (no helmet)
rElec   +            (no cloak)
rCorr   .            (no gloves)
SInv    .            (no boots)
Will    .....        (no amulet) Stlth
                     (no ring)
HPRegen 0.25/turn    (no ring)
MPRegen 0.09/turn

%: no passive effects
@: no status effects
A: sickness immunity, AC +4, negative energy resistance 1, electricity
resistance, torment resistance 1, petrification resistance
a: Renounce Religion, Stomp


You escaped.
You worshipped Uskayaw.
Uskayaw was noncommittal.
You visited 1 branch of the dungeon, and saw 2 of its levels.

You collected 96 gold pieces.

Inventory:

Hand Weapons
 a - a +0 flail (weapon)
Missiles
 e - 5 poisoned darts (quivered)
Armour
 b - a +0 scale mail (worn)
 c - a +0 buckler (worn)
Jewellery
 i - an amulet of faith
Scrolls
 f - a scroll of blinking
 g - a scroll of vulnerability
 j - 2 scrolls of amnesia
 l - a scroll of teleportation
 o - a scroll of noise {unknown}
Potions
 d - a potion of might
 h - 2 potions of brilliance
 k - a potion of haste {unknown}
 m - a potion of resistance {unknown}
 n - a potion of heal wounds {unknown}


   Skills:
 + Level 3.8 Fighting
 * Level 3.4 Maces & Flails
 + Level 4.0 Armour
 + Level 1.2 Dodging
 + Level 3.9 Shields


You had 4 spell levels left.
You didn't know any spells.
Your spell library contained the following spells:

 Spells                   Type           Power      Damage    Failure   Level
 Call Canine Familiar     Summ           0%         N/A       99%         3
 Portal Projectile        Hex/Tloc       0%         N/A       99%         3
 Leda's Liquefaction      Hex/Erth       0%         N/A       100%        4


Dungeon Overview and Level Annotations

Branches:
Dungeon (2/15)

Altars:
Uskayaw


Innate Abilities, Weirdness & Mutations

You are immune to sickness and miasma.
Your stone body is resilient. (AC +4)
You are immune to poison.
You resist negative energy. (rN+)
You are resistant to electric shocks. (rElec)
You are resistant to unholy torment.
You are immune to petrification.


Message History

You block the worm's attack.
You hit the worm but do no damage. You block the worm's attack.
You thump the worm!
The worm is heavily wounded.
The worm bites you.
You completely miss the worm.
The worm is heavily wounded.
The frilled lizard closely misses you.
You hit the frilled lizard.
The frilled lizard is heavily wounded.
The frilled lizard bites you but does no damage.
You block the worm's attack.
You miss the frilled lizard.
The frilled lizard is heavily wounded.
You block the frilled lizard's attack. The worm bites you.
The frilled lizard bites you but does no damage.
You hit the frilled lizard.
You kill the frilled lizard!
The worm closely misses you.
You hit the worm.
The worm is severely wounded.
You sock the worm!
You kill the worm!
You see here a worm corpse.
There is a faded altar of an unknown god here.
This altar belongs to (a) Uskayaw, (b) Trog or (c) Gozag, but you can't tell which.
Press the corresponding letter to learn more about a god, or press enter to convert or escape to cancel.
Uskayaw accepts your prayer! Uskayaw welcomes you!
You can now stomp with the beat.
(D) Dungeon
Where to? (Enter - D:1 @ (x,y), ? - help)
What level of the Dungeon? (default 1, ? - help)
There is a stone staircase leading up here.
You climb upwards.
There is a stone staircase leading down here.
There is an open door here.
You see here a +0 leather armour.
There is a staircase leading out of the dungeon here.
Are you sure you want to leave the Dungeon?
This will make you lose the game!
You have escaped!

#.....# #........# #.....#
#.#.####'#### ###.###
#.###PP#.#PP## #.#
#.##P~~#.#.PP## # #.##
###P~~~#.#PP.P## # #.†#
#P~~~~#.#....P# # ##.###
#P~~~~#.#..PPP# ########
####.#.#########.#########.......
.##......'......@......'.#.#####.
.##......#######.#######...#####.
........##PP...#[#~~~~P#......##.
.##..#.###PPP..#.#~~~~P###.##.##.
.##..######P...#.#~~~P## #.......
.#........##PPP#.#~~P## ####.###
##...########PP#.#PP## #....
#...# ####'################
#...########..............#


There were no monsters in sight!

Vanquished Creatures
  An orc priest (D:2)
  Natasha (D:2)
  An adder (D:2)
  3 dart slugs
  4 worms
  3 orcs (D:2)
  2 ball pythons
  7 endoplasms
  2 giant cockroaches
  2 goblins
  4 hobgoblins
  4 jackals (D:1)
  6 kobolds
  A quokka (D:1)
  2 bats
  2 frilled lizards
  2 rats
47 creatures vanquished.

Notes
Turn   | Place    | Note
-------+----------+-------------------------------------------
     0 | D:1      | Tirrikindir the Gargoyle Fighter began the quest for the
                  | Orb.
     0 | D:1      | Reached XP level 1. HP: 14/14 MP: 1/1
   103 | D:1      | Reached XP level 2. HP: 19/19 MP: 2/2
   441 | D:1      | Reached XP level 3. HP: 23/23 MP: 3/3
   705 | D:2      | Reached XP level 4. HP: 13/28 MP: 4/4
   870 | D:2      | Reached skill level 1 in Dodging
  1155 | D:2      | Noticed Natasha
  1166 | D:2      | Killed Natasha
  1245 | D:2      | Reached XP level 5. HP: 33/33 MP: 5/5
  1266 | D:2      | Reached skill level 4 in Armour
  1344 | D:2      | Found a faded altar of an unknown god.
  1365 | D:2      | Prayed at the altar of an unknown god.
  1365 | D:2      | Became a worshipper of Uskayaw the Reveller
  1365 | D:2      | Reached * piety under Uskayaw
  1419 | D:$      | Got out of the dungeon alive.

Illustrated notes

Levels and vault maps discovered:
D:1:      psy_arrival_terrarium, layout_loops_cross
D:2:      layout_rooms, hellmonk_ecumenical_altar_arch_garden, uniq_natasha

Skill      XL: |  1  2  3  4  5 |
---------------+----------------+-----
Maces & Flails | 3 |  3.4
Dodging        | 1 |  1.2
Armour         | 4 |  4.0
Fighting       | |  3.8
Shields        | |  3.9

Action                     |  1- 3 |  4- 6 || total
---------------------------+-------+-------++-------
  Melee: Flail             |    81 |    91 ||   172
  Throw: Dart              |       |     5 ||     5
    Use: Scroll            |     3 |     2 ||     5
 Armour: Scale mail        |    46 |    49 ||    95
  Dodge: Dodged            |    33 |    36 ||    69
  Block: Buckler           |    21 |    13 ||    34
